 Dungeon Crawl Stone Soup version 0.17.0-18-gaab0e96 (console) character file.

1339 gw the Chopper (level 8, 0/61 HPs)
             Began as a Human Wanderer on Nov 12, 2015.
             Was a Follower of Yredelemnul.
             Slain by a worker ant (3 damage)
             ... on level 7 of the Dungeon.
             The game lasted 00:06:52 (8356 turns).

gw the Chopper (Human Wanderer)                     Turns: 8356, Time: 00:06:52

Health: 0/61       AC: 12    Str: 14    XL:     8   Next: 93%
Magic:  11/11      EV:  9    Int: 12    God:    Yredelemnul [*.....]
Gold:   301        SH:  0    Dex: 14    Spells: 0 memorised, 11 levels left

rFire  . . .     SeeInvis .     a - +0 war axe
rCold  . . .     Clarity  .     j - +0 scale mail (curse)
rNeg   . . .     SustAt   .     (no shield)
rPois  .         Gourm    .     (no helmet)
rElec  .         Spirit   .     c - +0 cloak
rCorr  .         Warding  .     h - +0 pair of gloves
rMut   .         Stasis   .     g - +2 pair of boots {Fly}
MR     .....                    i - amulet of rage
Stlth  ..........               (no ring)
                                (no ring)

@: flying, not resistant to hostile enchantments, extremely unstealthy
A: no striking features
a: Animate Remains, Renounce Religion, Evoke Berserk Rage, Stop Flying


You were on level 7 of the Dungeon.
You worshipped Yredelemnul.
Yredelemnul was aware of your devotion.
You were very hungry.

You visited 1 branch of the dungeon, and saw 7 of its levels.

You collected 301 gold pieces.

Inventory:

Hand Weapons
 a - a +0 war axe (weapon)
Missiles
 e - 156 stones (quivered)
 f - 150 arrows
Armour
 c - a +0 cloak (worn)
 g - a +2 pair of boots of flying (worn)
 h - a +0 pair of gloves (worn)
 j - a cursed +0 scale mail (worn)
 k - a +0 chain mail
Jewellery
 i - an amulet of rage (around neck)
Books
 b - the Disquisition on Air

   Spells                             Type                      Level
   a - Shock                          Conjuration/Air              1
   b - Swiftness                      Charms/Air                   2
Comestibles
 d - 3 bread rations


   Skills:
 + Level 4.4 Fighting
 * Level 6.9 Axes
 - Level 1.0 Throwing
 + Level 4.3 Armour
 - Level 2.0 Spellcasting
   Level 1.0 Conjurations
   Level 2.0 Charms
 + Level 4.2 Invocations
 - Level 1.0 Evocations


You had 11 spell levels left.
You didn't know any spells.

Dungeon Overview and Level Annotations

Branches:
Dungeon (7/15)             Temple (0/1) D:6

Altars:
Ashenzari
Elyvilon
Makhleb
Nemelex Xobeh
Ru
Yredelemnul

Shops:
D:5 *=?(   D:6 [

Annotations:
D:7 lakren's ghost, novice DsGl


Message History

The adder barely misses you. The giant frog hits you.
The worker ant misses you.
The hound skeleton bites you but does no damage.
The adder barely misses you.
The giant frog hits you but does no damage.
Unknown command.
Unknown command.
Unknown command.
Unknown command.
ATTACKING (-1,-1)
You hit the adder.
The adder is moderately wounded.
You closely miss the giant frog.
The giant frog is moderately wounded.
You closely miss the worker ant.
The worker ant is heavily wounded.
You completely miss the hound skeleton. The worker ant closely misses you.
The hound skeleton bites you. The giant frog hits you.
The adder bites you but does no damage. The worker ant bites you.
You die...
Your body rises from the dead as a mindless zombie.

##................####.
#......................
##.....................
###...............#.....
.................#......
###.#####...............
#+#..........hW.......
_#..%......OSFa5.....
##..)....####pZ....#
.......!.. ###.....$
.....#..... .....
....##...... .... #..#
##..... ... #.. .. #


You could see a two-headed ogre, a black bear, a giant frog, a worker ant,
lakren's ghost, a crimson imp, an adder and a hound skeleton.

Table legend:
 A = Turns spent in this place as a percentage of turns spent in the entire game.
 B = Non-inter-level travel turns spent in this place as a percentage of non-inter-level travel turns spent in the entire game.
 C = Inter-level travel turns spent in this place as a percentage of turns spent in this place.
 D = Turns resting spent in this place as a percentage of non-inter-level travel turns spent in this place.
 E = Turns spent auto-exploring this place as a percentage of non-inter-level travel turns spent in this place.
 F = Non-inter-level travel turns spent in this place divided by the number of levels of this place that you've seen.
                   A       B       C       D       E      F
               +-------+-------+-------+-------+-------+----------------------
         Total | 100.0 | 100.0 |   0.8 |   1.3 |   2.4 | 1404.3
       Dungeon | 100.0 | 100.0 |   0.8 |   1.3 |   2.4 | 1404.3
               +-------+-------+-------+-------+-------+----------------------

Table legend:
 A = Kills in this place as a percentage of kills in entire the game.
 B = Kills by you in this place as a percentage of kills by you in the entire game.
 C = Kills by friends in this place as a percentage of kills by friends in the entire game.
 D = Other kills in this place as a percentage of other kills in the entire game.
 E = Experience gained in this place as a percentage of experience gained in the entire game.
 F = Experience gained in this place divided by the number of levels of this place that you have seen.
                   A       B       C       D       E      F
               +-------+-------+-------+-------+-------+----------------------
         Total | 100.0 | 100.0 | 100.0 |  -nan | 100.0 | 273.3
       Dungeon | 100.0 | 100.0 | 100.0 |  -nan | 100.0 | 273.3
               +-------+-------+-------+-------+-------+----------------------

Vanquished Creatures
  The ghost of gw the Magician, an amateur HuWz of Xom (D:3)
  3 phantoms
  An orc warrior (D:6)
  An ice beast (D:6)
  A scorpion (D:6)
  A vampire bat (D:6)
  4 hounds
  A gnoll shaman (D:6)
  Ijyb (D:3)
  2 orc priests
  4 worker ants
  2 iguanas
  A hound skeleton (D:4)
  4 gnolls (D:6)
  10 adders
  An adder zombie (D:5)
  2 worms
  6 orcs
  9 hobgoblins
  3 jackals (D:6)
  8 kobolds
  A quokka (D:5)
  2 ball pythons
  17 bats
  8 giant cockroaches
  6 giant geckos
  3 giant newts (D:2)
  9 goblins
  8 rats
  A spectral orc (D:3)
121 creatures vanquished.

Vanquished Creatures (collateral kills)
  A centaur zombie (D:5)
  2 giant frog skeletons (D:5)
  A worker ant zombie (D:6)
4 creatures vanquished.

Vanquished Creatures (others)
  A ball python zombie (D:5)
  A jackal zombie (D:6)
  A quokka zombie (D:5)
3 creatures vanquished.

Grand Total: 128 creatures vanquished

Notes
Turn   | Place    | Note
--------------------------------------------------------------
     0 | D:1      | gw the Human Wanderer began the quest for the Orb.
     0 | D:1      | gw set off with: a +2 hand axe, the Disquisition on Air, a +0 robe, a bread ration
     0 | D:1      | Reached XP level 1. HP: 15/15 MP: 3/3
   395 | D:1      | Reached XP level 2. HP: 21/21 MP: 5/5
  1304 | D:1      | Reached XP level 3. HP: 26/26 MP: 6/6
  2048 | D:2      | Reached XP level 4. HP: 12/33 MP: 7/7
  2457 | D:2      | Found a faded altar to an unknown god.
  2831 | D:2      | Reached skill level 3 in Axes
  3045 | D:2      | Found a white marble altar of Elyvilon.
  3307 | D:2      | Reached XP level 5. HP: 38/38 MP: 8/8
  3380 | D:3      | Found a basalt altar of Yredelemnul.
  3404 | D:3      | Became a worshipper of Yredelemnul the Dark
  3722 | D:3      | Noticed Ijyb
  3754 | D:3      | Killed Ijyb
  3866 | D:3      | Noticed gw's ghost (amateur HuWz)
  3878 | D:3      | Killed gw's ghost
  3878 | D:3      | Reached skill level 4 in Axes
  3878 | D:3      | Reached skill level 1 in Invocations
  3878 | D:3      | Reached XP level 6. HP: 47/47 MP: 9/9
  4728 | D:4      | Found a burning altar of Makhleb.
  4990 | D:4      | Found a sacrificial altar of Ru.
  5004 | D:4      | Reached XP level 7. HP: 29/52 MP: 10/10
  5779 | D:5      | Entered Level 5 of the Dungeon
  5779 | D:5      | Found Jehaxkeu's Assorted Antiques.
  5794 | D:5      | Found Lodia's Jewellery Emporium.
  5909 | D:5      | Reached * piety under Yredelemnul
  6034 | D:5      | Found a sparkling altar of Nemelex Xobeh.
  6067 | D:5      | Reached skill level 5 in Axes
  6440 | D:5      | Found Gusmilia's Antique Weapon Shoppe.
  6606 | D:5      | Found Upo Ung's Magic Scroll Boutique.
  6849 | D:5      | Reached XP level 8. HP: 48/60 MP: 11/11
  6916 | D:5      | Found a white marble altar of Elyvilon.
  7159 | D:6      | Found a staircase to the Ecumenical Temple.
  7243 | D:6      | Reached skill level 6 in Axes
  7948 | D:6      | Found Dihuvots's Antique Armour Shoppe.
  8310 | D:7      | Noticed lakren's ghost (novice DsGl)
  8317 | D:7      | Noticed a two-headed ogre
  8345 | D:7      | Found a shattered altar of Ashenzari.
  8356 | D:7      | HP: 3/61 [giant frog (4)]
  8356 | D:7      | Slain by a worker ant

Action                   |  1- 3 |  4- 6 |  7- 9 || total
-------------------------+-------+-------+-------++-------
Melee: Hand axe          |    74 |   180 |   213 ||   467
       War axe           |       |       |    56 ||    56
Invok: Animate Remains   |       |       |    14 ||    14
 Abil: Evoke Berserk Rag |       |     2 |     2 ||     4
 Stab: Sleeping          |       |     1 |       ||     1
       Distracted        |       |       |     1 ||     1
  Eat: Chunk             |     3 |    12 |     8 ||    23
       Bread ration      |       |       |     1 ||     1

Vault maps used:
D:1:      dpeg_cavernosity
D:2:      ecumenical_altar_1, first_bread, elyvilon_altar_3
D:3:      yredelemnul_forgotten_temple_becter, minivault_25, uniq_iyjb
D:4:      lemuel_crystal_altar, nicolae_ru_awakened_eye
D:5:      lemuel_doored_altar, nemelex_altar_shiori, serial_shops, shop, shop,
          nicolae_shop_trees, nicolae_shop_waterfront
D:6:      temple_fountains, serial_shops, shop, roderic_batcave,
          kennysheep_generic_room_4
D:7:      ashenzari_conservatory_becter, enter_ossuary_3, uniq_duvessa
